 Dungeon Crawl Stone Soup version 0.30-a0-743-gbfdf073431 (webtiles) character file.

Game seed: 13243232668577068130

1022085 juan097 the Spellbinder (level 27, -3/186 HPs)
             Began as a Vampire Enchanter on Feb 5, 2023.
             Was the Champion of Wu Jian.
             Slain by an emperor scorpion (17 damage)
             ... summoned by a royal mummy
             ... on level 1 of the Tomb of the Ancients on Feb 7, 2023.
             The game lasted 09:23:15 (105306 turns).

juan097 the Spellbinder (Vampire Enchanter)       Turns: 105306, Time: 09:23:15

Health: -3/186     AC: 29    Str: 10    XL:     27
Magic:  26/50      EV: 31    Int: 23    God:    Wu Jian [******]
Gold:   9362       SH:  0    Dex: 25    Spells: 7/63 levels left

rFire   + + .      SeeInvis +    w - +6 sword of Cerebov {flame}
rCold   + + +      Faith    .    (shield currently unavailable)
rNeg    + + +      Spirit   .    q - +4 faerie dragon scales {*Slow rF+ rC++ rCorr}
rPois   ∞          Reflect  .    W - +1 helmet of the Priests {+Inv rPois rF+}
rElec   +          Harm     .    C - +2 cloak
rCorr   +          Rampage  .    F - +2 pair of gloves {hurl}
Will    +++..      Clarity  +    J - +2 pair of boots
Stlth   +++++++++                O - amulet of the Air {Inacc Air Fly rElec RMsl}
HPRegen 0.00/turn                v - ring of Duxearph {rN++ AC+4 Slay+2, =R}
MPRegen 0.32/turn                D - ring "Kayme" {rPois rC+ Will+ Str+3 Int+2}

@: flying, bloodless, inhibited regen, slowed, studying Shields, repel missiles,
very slow
A: bloodless, fangs 3, see invisible, vampiric 2, claws 1, hooves 1, clarity,
deformed body, deterioration 1, high MP 1, mutation resistance 1
}: 10/15 runes: decaying, serpentine, slimy, silver, abyssal, demonic, glowing,
magical, fiery, dark
a: Bat Form, Revivify, Renounce Religion, Evoke Invisibility, Wall Jump,
Serpent's Lash, Heavenly Storm


You were on level 1 of the Tomb of the Ancients.
You worshipped Wu Jian.
Wu Jian was exalted by your worship.
You visited 15 branches of the dungeon, and saw 62 of its levels.
You visited Pandemonium 2 times, and saw 23 of its levels.
You visited the Abyss 7 times.

You collected 12019 gold pieces.
You spent 2657 gold pieces at shops.

Inventory:

Hand Weapons
 a - the +12 pair of quick blades "Gyre" and "Gimble" {protect}
   (You found it on level 10 of the Dungeon)
 b - the +8 longbow "Zephyr" {speed, Dex+3 SInv}
   (You acquired it in Pandemonium)

   Dex:       It affects your dexterity (+3).
   SInv:      It lets you see invisible.
 w - the +6 sword of Cerebov (weapon) {flame}
   (You took it off Cerebov in Pandemonium)
 K - a +3 heavy double sword
Missiles
 d - 11 throwing nets
 I - 12 curare-tipped darts
Armour
 q - the +4 faerie dragon scales (worn) {*Slow rF+ rC++ rCorr}
   (You took it off the Enchantress on level 1 of the Depths)

   rF:        It protects you from fire.
   rC:        It greatly protects you from cold.
   rCorr:     It protects you from acid and corrosion.
   *Slow:     It may slow you when you take damage.
 C - a +2 cloak (worn)
 F - a +2 pair of gloves of hurling (worn)
 J - a +2 pair of boots (worn)
 W - the +1 helmet of the Priests (worn) {+Inv rPois rF+}
   (You found it on level 3 of the Elven Halls)

   rF:        It protects you from fire.
   rPois:     It protects you from poison.
   +Inv:      It lets you turn invisible.
Magical Staves
 l - a staff of death
Jewellery
 v - the ring of Duxearph (left hand) {rN++ AC+4 Slay+2, =R}
   (You found it in Pandemonium)

   [ring of protection]

   AC:        It affects your AC (+4).
   Slay:      It affects your accuracy & damage with ranged weapons and melee
   (+2).
   rN:        It greatly protects you from negative energy.
 y - a ring of protection from fire
 D - the ring "Kayme" (right hand) {rPois rC+ Will+ Str+3 Int+2}
   (You found it on level 5 of the Pits of Slime)

   [ring of protection from cold]

   Str:       It affects your strength (+3).
   Int:       It affects your intelligence (+2).
   rC:        It protects you from cold.
   rPois:     It protects you from poison.
   Will:      It increases your willpower.
 O - the amulet of the Air (around neck) {Inacc Air Fly rElec RMsl}
   (You bought it in a shop on level 8 of the Dungeon)

   [amulet of nothing]

   Inacc:     It reduces the accuracy of your attacks and spells.
   Air:       It enhances your air magic.
   rElec:     It insulates you from electricity.
   Fly:       It grants you flight.
   RMsl:      It protects you from missiles.
 X - a +4 ring of slaying
Wands
 e - a wand of paralysis (35)
 G - a wand of light (6)
 M - a wand of digging (29)
Scrolls
 g - 4 scrolls of enchant weapon
 h - a scroll of acquirement
 i - a scroll of blinking
 j - 10 scrolls of fear
 k - 9 scrolls of fog
 A - 15 scrolls of teleportation
 B - 2 scrolls of magic mapping
 H - 3 scrolls of amnesia
 P - 3 scrolls of torment
 Q - 4 scrolls of enchant armour
 R - 8 scrolls of silence
 T - 11 scrolls of vulnerability
 U - 2 scrolls of butterflies
Potions
 c - 5 potions of invisibility
 f - 2 potions of heal wounds
 m - 4 potions of ambrosia
 n - 2 potions of might
 o - 3 potions of haste
 r - 10 potions of mutation
 s - 12 potions of resistance
 t - 9 potions of cancellation
 z - 42 potions of curing
 E - 11 potions of flight
 L - 2 potions of brilliance
 V - 2 potions of magic
Miscellaneous
 p - a condenser vane
 u - a phantom mirror
 x - a tin of tremorstones (2/2)
 Y - a lightning rod (4/4)
 Z - a phial of floods


   Skills:
 + Level 22.5 Fighting
 - Level 12.0(16.4) Short Blades
 - Level 16.7(18.0) Long Blades
 - Level 8.0 Ranged Weapons
 - Level 6.0 Throwing
 - Level 16.0 Armour
 - Level 23.0 Dodging
 - Level 18.0 Stealth
 + Level 18.7 Spellcasting
 - Level 6.0 Conjurations
 O Level 27 Hexes
 - Level 24.0 Necromancy
 - Level 8.0 Translocations
 + Level 2.0 Transmutations
 - Level 13.0 Ice Magic
 - Level 8.0 Air Magic
 - Level 6.0 Poison Magic
 - Level 18.0 Evocations


You had 7 spell levels left.
You knew the following spells:

 Your Spells              Type           Power      Damage    Failure   Level
a - Discord               Hex            49%        N/A       1%          8
b - Infestation           Necr           46%        N/A       1%          8
c - Simulacrum            Ice/Necr       41%        N/A       1%          6
d - Yara's Violent Unrav  Hex/Tmut       36%        3d15      1%          5
e - Blink                 Tloc           100%       N/A       1%          2
f - Swiftness             Air            72%        N/A       1%          3
h - Mephitic Cloud        Conj/Pois/Air  67%        N/A       1%          3
i - Metabolic Englaciati  Hex/Ice        42%        N/A       1%          5
j - Ozocubu's Armour      Ice            69%        N/A       1%          3
k - Apportation           Tloc           100%       N/A       1%          1
l - Enfeeble              Hex            49%        N/A       1%          7
m - Silence               Hex/Air        50%        N/A       1%          5

Your spell library contained the following spells:

 Spells                   Type           Power      Damage    Failure   Level
 Freeze                   Ice            100%       1d10      0%          1
 Necrotise                Necr           100%       1d9       0%          1
 Ensorcelled Hibernation  Hex/Ice        100%       N/A       0%          2
 Sublimation of Blood     Necr           93%        N/A       0%          2
 Confusing Touch          Hex            98%        N/A       0%          3
 Dazzling Flash           Conj/Hex       100%       N/A       0%          3
 Tukima's Dance           Hex            98%        N/A       0%          3
 Vampiric Draining        Necr           93%        2d12      0%          3
 Anguish                  Hex/Necr       47%        N/A       0%          4
 Animate Dead             Necr           93%        N/A       0%          4
 Cause Fear               Hex            49%        N/A       0%          4
 Agony                    Necr           93%        N/A       0%          5
 Foxfire                  Conj/Fire      100%       2x1d9     1%          1
 Magic Dart               Conj           100%       1d8       1%          1
 Shock                    Conj/Air       100%       1d9       1%          1
 Sting                    Tmut/Pois      100%       1d8       1%          1
 Cigotuvi's Dreadful Rot  Necr/Pois/Air  100%       N/A       1%          2
 Lesser Beckoning         Tloc           100%       N/A       1%          2
 Momentum Strike          Conj/Tloc      100%       3d10      1%          2
 Poisonous Vapours        Pois/Air       100%       N/A       1%          2
 Searing Ray              Conj           98%        2d8       1%          2
 Static Discharge         Conj/Air       100%       2-7/arc   1%          2
 Frozen Ramparts          Ice            100%       1d16      1%          3
 Gell's Gravitas          Tloc           55%        N/A       1%          3
 Hailstorm                Conj/Ice       60%        3d13      1%          3
 Kindle Blastsparks       Fire/Tloc/Air  100%       2d18      1%          3
 Spider Form              Tmut/Pois      40%        N/A       1%          3
 Summon Guardian Golem    Hex/Summ       70%        N/A       1%          3
 Teleport Other           Tloc           55%        N/A       1%          3
 Vhi's Electric Charge    Tloc/Air       100%       N/A       1%          3
 Airstrike                Air            36%        2d(6-22)  1%          4
 Fulminant Prism          Conj/Hex       39%        3d17      1%          4
 Ice Form                 Ice/Tmut       54%        N/A       1%          4
 Iskenderun's Mystic Bla  Conj/Tloc      52%        2d11      1%          4
 Manifold Assault         Tloc           55%        N/A       1%          4
 Passage of Golubria      Tloc           55%        N/A       1%          4
 Summon Mana Viper        Hex/Summ       70%        N/A       1%          5
 Olgreb's Toxic Radiance  Pois           49%        N/A       2%          4
 Freezing Cloud           Conj/Ice/Air   38%        6-21      2%          5
 Summon Small Mammal      Summ           84%        N/A       3%          1
 Passwall                 Tmut/Erth      21%        N/A       3%          2
 Ignite Poison            Fire/Tmut/Pois 33%        N/A       3%          3
 Call Imp                 Summ           21%        N/A       4%          2
 Arcjolt                  Conj/Air       34%        1d44      4%          5
 Lightning Bolt           Conj/Air       34%        1d52      4%          5
 Summon Lightning Spire   Summ/Air       56%        N/A       6%          4
 Iskenderun's Battlesphe  Conj           49%        2d10      8%          5
 Sticky Flame             Conj/Fire      35%        2d5       9%          4
 Irradiate                Conj/Tmut      20%        3d18      17%         5
 Summon Forest            Summ/Tloc      19%        N/A       17%         5
 Dispersal                Tloc           27%        N/A       19%         6
 Haunt                    Necr/Summ      33%        N/A       19%         7
 Petrify                  Tmut/Erth      26%        N/A       21%         4
 Fireball                 Conj/Fire      17%        3d9       26%         5
 Conjure Ball Lightning   Conj/Air       34%        3x3d11    26%         6
 Blade Hands              Tmut           15%        N/A       36%         5
 Lee's Rapid Deconstruct  Erth           10%        3d8*      65%         5
 Eringya's Noxious Bog    Tmut/Pois      20%        N/A       67%         6
 Iron Shot                Conj/Erth      17%        9d4       80%         6
 Orb of Destruction       Conj           24%        9d9       92%         7
 Statue Form              Tmut/Erth      17%        N/A       97%         6
 Storm Form               Tmut/Air       30%        N/A       98%         7
 Summon Cactus Giant      Summ           10%        N/A       99%         6
 Dragon Form              Tmut           15%        N/A       100%        7
 Spellforged Servitor     Conj/Summ      17%        N/A       100%        7
 Summon Hydra             Summ           10%        N/A       100%        7
 Disjunction              Tloc           27%        N/A       100%        8
 Ignition                 Fire           10%        3d5       100%        8
 Lehudib's Crystal Spear  Conj/Erth      17%        10d5      100%        8
 Dragon's Call            Summ           10%        N/A       100%        9
 Borgnjor's Revivificati  Necr           Unusable   N/A       N/A         8

Dungeon Overview and Level Annotations

Branches:
Dungeon (15/15)            Temple (1/1) D:7            Lair (5/5) D:11
  Swamp (4/4) Lair:2        Snake (4/4) Lair:3        Slime (5/5) Lair:5
    Orc (2/2) D:10            Elf (3/3) Orc:2        Vaults (5/5) D:13
  Crypt (3/3) Vaults:3       Tomb (2/3) Crypt:3      Depths (4/4) D:15
   Hell (visited)             Dis (0/7) Hell            Geh (0/7) Hell
    Coc (3/7) Hell            Tar (0/7) Hell            Zot (5/5) Depths:4

Altars:
Ashenzari
Cheibriados
Dithmenos
Fedhas
Gozag
Hepliaklqana
Kikubaaqudgha
Makhleb
Nemelex Xobeh
Okawaru
Qazlal
Ru
Sif Muna
Trog
Uskayaw
Vehumet
Wu Jian
Xom
Yredelemnul
Jiyva

Shops:
D:8 =[   Orc:2 !=[[   Elf:2 ?   Elf:3 !   Snake:1 (   Snake:2 (

Portals:
Hell: Depths:1 Depths:2 Depths:3 Depths:4
Abyss: Depths:2 Depths:3
Pandemonium: Depths:2 Depths:4
Ziggurat: Depths:1

Annotations:
Swamp:4 1 runed translucent door, Theoretic's ghost, adept VSFi
Snake:1 Roxanne


Innate Abilities, Weirdness & Mutations

You do not regenerate when monsters are visible.
You are frail without blood (-20% HP).
You can heal yourself when you bite living creatures.
You are immune to poison.
You have razor-sharp teeth.
You have supernaturally acute eyesight. (SInv)
You are afflicted with vampirism and can become a bat while bloodless.
You have sharp fingernails.
You have large cloven feet.
You possess an exceptional clarity of mind.
Armour fits poorly on your strangely shaped body.
Your body sometimes deteriorates upon taking damage.
You have an increased reservoir of magic. (+10% MP)
You are somewhat resistant to further mutation.


Message History

The death scarab completely misses you. x2
The emperor scorpion completely misses you. x3
The death scarab completely misses you. The death scarab bites you!!
* * * LOW HITPOINT WARNING * * *
The death scarab drains your vigour!
You feel as though you will be slow longer.
The death scarab misses you. The emperor scorpion misses you. x2
The emperor scorpion claws you but does no damage.
You slice the death scarab!! You burn the death scarab.
The sword of Cerebov burns away the death scarab's fire resistance.
The death scarab is almost destroyed.
The death scarab closely misses you. The death scarab bites you.
* * * LOW HITPOINT WARNING * * *
The death scarab completely misses you. x2
The death scarab waves its antennae.
The death scarab completely misses you. x2
The emperor scorpion barely misses you. The emperor scorpion misses you. x2
The death scarab bites you!
* * * LOW HITPOINT WARNING * * *
The death scarab drains your vigour!
You feel as though you will be slow longer.
The death scarab waves its antennae.
The death scarab completely misses you.
The emperor scorpion completely misses you. x3
You barely miss the death scarab.
The death scarab is almost destroyed.
The royal mummy is no longer more vulnerable to fire.
The death scarab misses you. x3
The death scarab waves its antennae.
The death scarab misses you. The death scarab bites you.
* * * LOW HITPOINT WARNING * * *
The death scarab drains your vigour!
You feel as though you will be slow longer.
The death scarab bites you!
* * * LOW HITPOINT WARNING * * *
The death scarab drains your vigour!
You feel as though you will be slow longer.
The death scarab misses you.
The royal mummy is lost in a daze.
The emperor scorpion stings you!
You die...

.................................
...8...8.........................
.................................
##.......##################......
#.8...8.# ## #...... #.......#
##. #...... #.......# ##.B
#...... #.8...8.# ##..B####
#...... #.......###...#@BB##
#....?. #.......##...#BBsBs##
#...... #.8...8.#


#ssBsMB.# #...... #.......##..s#BsMBs## #...... #.......###^.s#MM.## #......
#.8...8.# ##...#### #...... #.......# ##.. #...... ##'''''## ##. #......
##.......############## #...... You could see 4 royal mummies, 9 emperor
scorpions and 11 death scarabs.

Vanquished Creatures
  Cerebov (Pan)
  the Royal Jelly (Slime:5)
  Ignacio (Pan)
  Gloorx Vloq (Pan)
  Lom Lobon (Pan)
  Mnoleg (Pan)
  6 dread liches
  7 orbs of fire
  2 ancient liches (Zot:5)
  A juggernaut (Depths:3)
  6 royal mummies
  3 pandemonium lords (Pan)
  Bai Suzhen (Snake:4)
  3 Killer Klowns
  2 caustic shrikes (Depths:3)
  Xtahua (Crypt:1)
  Geryon (Hell)
  2 curse toes
  9 golden dragons
  the Enchantress (Depths:1)
  2 doom hounds (Depths:2)
  6 Brimstone Fiends (Pan)
  4 bone dragons
  3 electric golems
  6 Tzitzimimeh
  2 shard shrike zombies
  A hellephant (Pan)
  6 Ice Fiends (Pan)
  Jorgrun (Swamp:2)
  The ghost of Yhewuk the Gargoyle Blade, an adept GrGl of Okawaru (Vaults:4)
  2 Hell Sentinels
  24 tentacled monstrosities
  A walking earthen tome (Depths:3)
  6 liches
  Grunn (Depths:2)
  3 deep elf blademasters (Elf:3)
  7 quicksilver dragons
  10 titans
  Asterion (Depths:1)
  23 Orb Guardians
  2 deep elf master archers (Elf:3)
  A walking divine tome (Depths:3)
  2 walking frostbound tomes (Depths:3)
  19 Executioners (Pan)
  12 death cobs
  An eldritch tentacle (Pan)
  9 sphinxes
  Frances (Swamp:2)
  11 acid blobs
  8 ancient champions
  7 tentacled starspawn (Abyss:3)
  8 tengu reavers
  13 storm dragons
  4 thorn hunters
  13 shadow dragons
  Kirke (Swamp:2)
  Donald (Swamp:2)
  5 revenants
  7 draconian monks
  9 demonspawn warmongers (Pan)
  7 fire giants
  14 nagarajas
  A daeva (Abyss:3)
  8 azure jellies
  6 draconian knights
  2 iron dragons
  6 frost giants
  12 rockslimes
  2 narguns (Coc:1)
  11 deep elf sorcerers
  Louise (Swamp:2)
  Aizul (Snake:2)
  3 spectral caustic shrikes (Depths:3)
  2 ghost moths
  18 vault wardens
  28 ironbound preservers
  5 curse skulls
  34 balrugs (Pan)
  2 deep elf elementalists
  15 ghouls
  18 cacodemons (Pan)
  An orc warlord (Orc:1)
  32 very ugly things
  5 draconian shifters
  An angel (Pan)
  3 war gargoyles
  12 demonspawn corrupters (Pan)
  6 spriggan defenders
  The ghost of ParallaxScroll the Blocker, a journeyman OpTm of Elyvilon (D:11)
  11 quicksilver oozes
  2 juggernaut skeletons (Crypt:2)
  A caustic shrike skeleton (Pan)
  6 ironbound thunderhulks
  4 demonspawn blood saints (Pan)
  14 reapers
  6 black draconians
  A quicksilver ooze (shapeshifter) (Depths:3)
  16 stone giants
  The ghost of Gint the Severer, a journeyman HOFi of Uskayaw (D:13)
  2 bennus (Tomb:1)
  2 green draconians
  8 lorocyprocas
  5 demonspawn black suns (Pan)
  A putrid mouth (Depths:1)
  6 eleionomae
  21 vampire knights
  2 wendigos
  6 yellow draconians
  7 deep elf demonologists
  2 elemental wellsprings (Coc:1)
  6 purple draconians
  10 deep elf annihilators
  4 bunyips
  3 red draconians
  6 white draconians
  A minotaur (Pan)
  22 dire elephants
  4 eidola
  An iron golem (Hell)
  12 spark wasps
  6 mummy priests
  4 fire dragons
  9 deep elf death magi
  19 blizzard demons
  7 deep elf high priests
  18 green deaths
  13 jiangshi
  A spriggan zombie (Crypt:3)
  6 ettins
  8 rakshasas
  A shambling mangrove (Swamp:2)
  7 great orbs of eyes
  Josephine (Lair:5)
  A pearl dragon skeleton (Crypt:2)
  20 yaktaur captains
  7 ice dragons
  12 vault guards
  A juggernaut simulacrum (Pan)
  27 hydras
  4 salamander tyrants (Snake:4)
  5 ironbound frosthearts
  4 spriggan air magi
  2 catoblepae
  3 peacekeepers
  2 ogre magi (Orc:2)
  A spriggan skeleton (Hell)
  4 boulder beetles
  A death knight (D:15)
  11 anacondas
  A fenstrider witch skeleton (Crypt:2)
  3 two-headed ogres
  7 alligators
  9 centaur warriors
  A satyr (Abyss:3)
  A radroach (shapeshifter) (Vaults:5)
  8 deep troll shamans
  18 hell hogs
  A titan zombie (Crypt:3)
  5 death scarabs
  8 thrashing horrors (Abyss:3)
  10 deep troll earth magi
  42 dancing weapons
  15 naga warriors
  7 tengu warriors
  13 vampire magi
  10 shock serpents
  19 deep elf knights
  16 naga sharpshooters
  117 sun demons
  18 hell knights
  2 spriggan berserkers
  2 storm dragon zombies (Crypt:3)
  3 titan skeletons
  47 soul eaters
  11 shadow wraiths
  12 wretched stars (Abyss:3)
  An anaconda zombie (Hell)
  11 iron trolls
  A glowing orange brain (shapeshifter) (Vaults:5)
  6 salamander mystics
  3 bunyip zombies
  A goliath frog (shapeshifter) (Vaults:5)
  A spriggan druid (Swamp:4)
  2 golden dragon zombies (Crypt:3)
  22 sixfirhies
  Lodul (D:11)
  65 deep trolls
  2 hellephant skeletons (Crypt:2)
  33 skeletal warriors
  A storm dragon skeleton (Crypt:2)
  7 goliath frogs
  An orb spider (shapeshifter) (Abyss:3)
  10 swamp dragons (Swamp:4)
  9 naga ritualists
  A sea snake (Snake:1)
  8 shadow demons (Pan)
  10 wizards
  2 spriggan simulacra
  5 flayed ghosts
  16 deep elf archers
  8 glowing orange brains
  5 steelbarb worms (Swamp:4)
  13 bog bodies
  25 ironbound convokers
  A steelbarb worm (shapeshifter) (Depths:3)
  An iron giant skeleton (Crypt:2)
  14 lindwurms
  A shadow dragon zombie (Crypt:1)
  16 phantasmal warriors
  4 anaconda skeletons
  5 harpies (Vaults:2)
  2 orc knights (Orc:1)
  32 deep elf zephyrmancers
  13 necromancers
  15 mana vipers
  A shining eye (shapeshifter) (Vaults:5)
  39 deep elf pyromancers
  9 orc sorcerers (Orc:2)
  A sphinx skeleton (Crypt:3)
  6 manticores
  5 will-o-the-wisps
  3 shining eyes (Slime:5)
  A frost giant zombie (Crypt:2)
  11 salamanders
  42 ugly things
  4 cyclopes
  A jorogumo skeleton (Crypt:3)
  A salamander (shapeshifter) (D:13)
  3 stone giant skeletons
  An iron dragon skeleton (Crypt:1)
  A cyclops (shapeshifter) (Vaults:5)
  5 worldbinders (Abyss:3)
  28 black mambas
  21 moths of wrath
  An elephant (shapeshifter) (Vaults:4)
  7 molten gargoyles
  4 eyes of devastation
  A black mamba (shapeshifter) (Abyss:3)
  12 guardian serpents
  15 elephants
  34 smoke demons
  20 demonic crawlers
  6 rust devils
  7 naga magi
  13 cane toads
  23 orange demons
  A torpor snail (shapeshifter) (Abyss:3)
  16 vault sentinels
  A torpor snail (Lair:2)
  2 water nymphs (shapeshifter)
  2 gargoyles
  A titan simulacrum (Hell)
  2 apocalypse crabs (Abyss:3)
  An ice statue (Hell)
  2 storm dragon simulacra (Coc:1)
  A centaur skeleton (Pan)
  A redback zombie (Crypt:3)
  A sea snake zombie (Crypt:1)
  3 kobold demonologists
  56 yaktaurs
  31 hellions
  2 naga skeletons (Pan)
  6 freezing wraiths
  8 efreet
  An elephant slug zombie (Crypt:1)
  13 komodo dragons
  An unseen horror (Pan)
  An unseen horror zombie (D:8)
  An orb spider zombie (Crypt:3)
  3 rime drakes
  7 tormentors
  A bunyip simulacrum (Coc:2)
  5 ice devils
  11 red devils
  2 tengu conjurers (Depths:2)
  2 bloated husks
  7 ancient zymes (Abyss:3)
  3 harpy zombies (Crypt:3)
  24 hellwings
  An iron troll skeleton (Crypt:2)
  20 guardian mummies
  6 trolls
  A hydra zombie (Crypt:3)
  3 polar bears
  Prince Ribbit (D:6)
  13 tyrant leeches
  10 raiju
  11 blink frogs
  6 harpy skeletons
  10 hornets
  A mana viper skeleton (Crypt:3)
  4 stone giant simulacra
  6 dream sheep (Lair:3)
  A hydra skeleton (Hell)
  2 ettin zombies
  A boulder beetle zombie (Crypt:1)
  A snapping turtle (shapeshifter) (Depths:3)
  A slime creature (shapeshifter) (Depths:2)
  16 flying skulls
  An air elemental (Elf:2)
  4 guardian serpent skeletons (Crypt:2)
  An alligator skeleton (Hell)
  2 shadows
  A dire elephant simulacrum (Coc:1)
  75 slime creatures
  32 ynoxinuls
  10 spriggans
  15 small abominations
  4 water elementals
  9 wyverns
  32 starcursed masses
  An ushabti (Tomb:1)
  4 fire bats (Pan)
  7 fire elementals
  48 yaks
  19 humans (D:13)
  8 basilisks
  48 chaos spawn
  21 vampires
  9 wraiths
  A black mamba skeleton (Pan)
  3 hogs (Swamp:2)
  8 vampire mosquitoes
  5 steam dragons
  34 neqoxecs
  Menkaure (D:7)
  22 swamp worms
  A two-headed ogre zombie (Crypt:1)
  50 large abominations
  4 harpy simulacra
  A warg (Orc:2)
  28 nagas
  2 acid dragons (D:11)
  A hydra simulacrum (Abyss:3)
  4 hell hounds
  16 water moccasins
  2 floating eyes
  6 swamp drakes
  2 hornet zombies (D:8)
  12 black bears
  27 orc warriors
  An alligator simulacrum (Hell)
  A snapping turtle zombie (Crypt:3)
  An ice beast (D:8)
  A manticore skeleton (Crypt:3)
  A swamp dragon skeleton (Pan)
  A boggart (Vaults:2)
  A blink frog zombie (Crypt:2)
  18 wolves
  A wolf (shapeshifter) (D:15)
  A hog zombie (Crypt:3)
  9 centaurs
  27 ogres
  A phantom (D:5)
  3 kobold brigands
  A rime drake skeleton (Crypt:3)
  9 bullfrogs
  2 earth elementals
  A gnoll sergeant (D:12)
  2 scorpions (D:5)
  5 necrophages
  A draconian skeleton (Crypt:3)
  A wyvern zombie (D:8)
  11 wights
  A wyvern skeleton (Crypt:1)
  A swamp dragon simulacrum (Coc:1)
  A shapeshifter skeleton (Crypt:2)
  An electric eel (Lair:3)
  4 howler monkeys
  7 lava snakes
  4 crimson imps (Pan)
  3 centaur zombies
  4 quasits (Abyss:3)
  11 jellies
  19 orc priests
  3 hounds
  A bullfrog skeleton (Crypt:1)
  2 iron imps (Abyss:3)
  2 iguanas
  8 hell rats (Hell)
  40 orc wizards
  A boggart skeleton (Crypt:2)
  A killer bee zombie (D:8)
  A deep dwarf zombie (Crypt:2)
  38 mummies
  Robin (D:2)
  5 gnolls (D:12)
  3 adders
  A steam dragon zombie (Crypt:2)
  A shadow imp (D:5)
  3 white imps
  4 ufetubi
  3 worms
  4 dart slugs
  87 orcs
  7 endoplasms
  11 goblins
  6 hobgoblins
  7 jackals
  3 quokkas
  5 ball pythons
  15 bats
  4 frilled lizards
  A giant cockroach zombie (Crypt:2)
  20 kobolds
  3 rats
  12 butterflies (Vaults:1)
  3 fire vortices (Pan)
  2 lurking horrors (Abyss:3)
  6 starspawn tentacles (Abyss:3)
3441 creatures vanquished.

Vanquished Creatures (collateral kills)
  An orb of fire (Zot:4)
  A royal mummy (Tomb:1)
  A Killer Klown (Zot:4)
  3 golden dragons
  A bone dragon (Depths:4)
  4 tentacled monstrosities
  2 Orb Guardians (Zot:5)
  A deep elf blademaster (Elf:3)
  A lich (Tomb:1)
  3 quicksilver dragons
  An ancient champion (Hell)
  9 Executioners (Pan)
  A death cob (Zot:4)
  4 storm dragons
  4 draconian monks
  2 deep elf sorcerers (Elf:3)
  2 demonspawn warmongers (Pan)
  A vault warden (Vaults:5)
  4 balrugs (Pan)
  4 draconian scorchers
  A draconian shifter (Zot:3)
  2 demonspawn corrupters (Pan)
  3 draconian annihilators
  4 demonspawn blood saints (Pan)
  3 very ugly things (Pan)
  3 cacodemons
  2 stone giants
  7 reapers
  7 red draconians
  2 vampire knights (Hell)
  11 yellow draconians
  A lorocyproca (Pan)
  7 black draconians
  2 deep elf annihilators
  3 white draconians
  A demonspawn black sun (Pan)
  4 green draconians
  6 purple draconians
  A mummy priest (Tomb:1)
  2 iron golems (Hell)
  A fire dragon (Depths:1)
  6 green deaths (Pan)
  A blizzard demon (Pan)
  A deep elf high priest (Elf:3)
  3 rakshasas (Pan)
  A juggernaut simulacrum (Pan)
  2 hell beasts (Pan)
  An ice dragon (Depths:4)
  An anaconda (shapeshifter) (Vaults:5)
  21 vault guards (Vaults:5)
  A vampire mage (Depths:1)
  11 death scarabs (Tomb:2)
  6 large abominations (Pan)
  15 soul eaters
  20 sun demons
  2 hell knights (Depths:3)
  A skeletal warrior (Tomb:2)
  3 iron trolls (Depths:4)
  6 sixfirhies (Pan)
  A bunyip zombie (Tomb:2)
  2 glowing orange brains (Pan)
  A shadow demon (Pan)
  3 deep trolls
  A phantasmal warrior (Hell)
  A deep elf zephyrmancer (Elf:3)
  2 ugly things (Pan)
  4 wizards (Pan)
  2 necromancers (Depths:3)
  A moth of wrath (Zot:3)
  3 rust devils
  8 smoke demons (Pan)
  5 demonic crawlers
  A vault sentinel (Vaults:5)
  8 orange demons (Pan)
  A centaur skeleton (Pan)
  A dire elephant skeleton (Pan)
  An unseen horror (Pan)
  2 tormentors
  5 yaktaurs (Vaults:5)
  2 hellions (Pan)
  4 efreet (Pan)
  A freezing wraith (Vaults:5)
  2 red devils (Pan)
  2 guardian mummies (Tomb:2)
  10 hellwings
  A harpy skeleton (Pan)
  6 flying skulls (Tomb:2)
  An ettin skeleton (Pan)
  4 ynoxinuls (Pan)
  11 chaos spawn (Pan)
  7 neqoxecs (Pan)
  7 hell hounds (Hell)
  An earth elemental (Abyss:3)
  A wight (D:8)
  A starcursed mass (Abyss:3)
  4 hell rats (Hell)
  A small abomination (Abyss:3)
  5 mummies
  A fire vortex (Pan)
  A lurking horror (Abyss:3)
  A starspawn tentacle (Abyss:3)
352 creatures vanquished.

Vanquished Creatures (others)
  2 tentacled monstrosities
  3 death cobs
  A tentacled starspawn (Abyss:3)
  An Executioner (Pan)
  2 draconian knights (Zot:3)
  A draconian scorcher (Zot:5)
  A vault warden (Vaults:5)
  A draconian shifter (Zot:5)
  A draconian annihilator (Zot:4)
  A very ugly thing (Vaults:5)
  A demonspawn corrupter (Pan)
  A reaper (Pan)
  A stone giant (Vaults:5)
  A white draconian (Zot:5)
  A red draconian (Zot:4)
  A mummy priest (Tomb:1)
  An ettin (Vaults:5)
  A rakshasa (Pan)
  4 death scarabs (Tomb:2)
  A spriggan berserker (Depths:1)
  A soul eater (Pan)
  A glowing orange brain (Pan)
  A moth of wrath (Zot:2)
  2 black mambas
  A smoke demon (Pan)
  4 dancing weapons
  An anaconda simulacrum (Coc:1)
  An ice devil (Pan)
  A tormentor (Coc:2)
  A bunyip simulacrum (Coc:1)
  A red devil (Hell)
  A guardian mummy (Tomb:2)
  3 hellwings (Pan)
  A shadow dragon simulacrum (Coc:1)
  A raiju (shapeshifter) (Abyss:3)
  A flying skull (Tomb:2)
  A naga simulacrum (Coc:1)
  3 humans (Swamp:2)
  A harpy simulacrum (Coc:2)
  2 hell hounds (Hell)
  A demonspawn simulacrum (Coc:2)
  A lava snake (Lair:3)
  A quasit (Abyss:3)
  2 mummies
  6 ball lightnings (Pan)
  3 blocks of ice (Pan)
  6 briar patches (Swamp:4)
  15 demonic plants
  A fire vortex (Pan)
  14 foxfires
  7 fungi
  2 lurking horrors (Abyss:3)
  57 plants
  11 starspawn tentacles (Abyss:3)
  3 withered plants (D:8)
186 creatures vanquished.

Grand Total: 3979 creatures vanquished

Notes
Turn   | Place    | Note
-------+----------+-------------------------------------------
     0 | D:1      | juan097 the Vampire Enchanter began the quest for the Orb.
     0 | D:1      | Reached XP level 1. HP: 13/13 MP: 3/3
   189 | D:1      | Reached XP level 2. HP: 4/15 MP: 5/5
   463 | D:1      | Learned a level 2 spell: Ensorcelled Hibernation
   823 | D:1      | Reached skill level 5 in Stealth
   954 | D:2      | Gained mutation: You are afflicted with vampirism and can
                  | become a bat while bloodless. [Vampire growth]
   954 | D:2      | Reached XP level 3. HP: 19/19 MP: 1/6
  1063 | D:2      | Noticed Robin
  1589 | D:2      | Reached skill level 1 in Ice Magic
  1684 | D:2      | Killed Robin
  1685 | D:2      | Reached XP level 4. HP: 24/24 MP: 2/7
  1778 | D:2      | Reached skill level 5 in Hexes
  2292 | D:2      | Learned a level 3 spell: Confusing Touch
  2376 | D:3      | Found a sacrificial altar of Ru.
  3269 | D:4      | Found a broken altar of Ashenzari.
  3397 | D:4      | Reached XP level 5. HP: 28/28 MP: 8/8
  3787 | D:5      | Entered Level 5 of the Dungeon
  3897 | D:5      | Noticed a black bear
  3904 | D:5      | Killed a black bear
  3905 | D:5      | Reached skill level 6 in Hexes
  3905 | D:5      | Reached XP level 6. HP: 19/32 MP: 6/9
  4164 | D:5      | Reached skill level 5 in Short Blades
  4164 | D:5      | Reached XP level 7. HP: 35/36 MP: 5/10
  4646 | D:5      | Found a hide-covered altar of Uskayaw.
  4646 | D:5      | Found a burning altar of Makhleb.
  4653 | D:5      | Found a shimmering blue altar of Sif Muna.
  4657 | D:5      | Found a bloodstained altar of Trog.
  5005 | D:6      | Noticed a troll
  5160 | D:6      | Reached skill level 1 in Fighting
  5160 | D:6      | Reached skill level 1 in Armour
  5160 | D:6      | Reached skill level 1 in Evocations
  5177 | D:6      | Reached XP level 8. HP: 43/43 MP: 11/11
  5558 | D:6      | Learned a level 3 spell: Tukima's Dance
  5562 | D:6      | Learned a level 3 spell: Dazzling Flash
  5720 | D:6      | Noticed Prince Ribbit
  6134 | D:7      | Found a staircase to the Ecumenical Temple.
  6190 | D:7      | Reached skill level 7 in Hexes
  6291 | D:7      | Reached skill level 1 in Conjurations
  6451 | D:7      | Noticed Menkaure
  6461 | D:7      | Killed Menkaure
  6462 | D:7      | Reached skill level 5 in Dodging
  6462 | D:7      | Reached XP level 9. HP: 39/48 MP: 9/13
  6570 | Temple   | Entered the Ecumenical Temple
  6581 | Temple   | Became a worshipper of the Wu Jian Council
  6636 | D:8      | Found Haicwidd's Armour Boutique.
  7802 | D:8      | Found Moeduditic's Jewellery Shop.
  7909 | D:8      | Reached skill level 8 in Hexes
  8082 | D:8      | Reached * piety under Wu Jian
  8391 | D:9      | Reached skill level 5 in Ice Magic
  8422 | D:9      | Reached XP level 10. HP: 56/56 MP: 16/16
  8551 | D:9      | Found a basalt altar of Yredelemnul.
  8578 | D:9      | Noticed a smoke demon
  8938 | D:6      | Killed Prince Ribbit
  9221 | D:9      | Identified the +5 trident "Xoxtuss" {flame, rC+ Will+ Str+2
                  | Stlth+}
  9418 | D:9      | Reached skill level 9 in Hexes
  9754 | D:9      | Reached ** piety under Wu Jian
  9865 | D:10     | Entered Level 10 of the Dungeon
 10164 | D:9      | Reached skill level 10 in Hexes
 10165 | D:9      | Reached skill level 10 in Stealth
 10185 | D:9      | Got Sif Muna's Guidebook on Malevolent Deeds and
                  | Coordinates
 10273 | D:9      | Learned a level 2 spell: Blink
 10556 | D:10     | Reached skill level 5 in Fighting
 10576 | D:10     | Found a staircase to the Orcish Mines.
 10626 | D:10     | Reached *** piety under Wu Jian
 11120 | D:10     | Reached XP level 11. HP: 64/64 MP: 17/17
 11199 | D:10     | Noticed a deep elf pyromancer
 11222 | D:10     | Killed a deep elf pyromancer
 11344 | D:10     | Noticed a two-headed ogre
 11491 | D:10     | Found the +12 pair of quick blades "Gyre" and "Gimble"
                  | {protect}
 11633 | Orc:1    | Entered Level 1 of the Orcish Mines
 11771 | Orc:1    | Noticed an orc knight
 12027 | Orc:1    | Killed an orc knight
 12292 | Orc:2    | Entered Level 2 of the Orcish Mines
 12292 | Orc:2    | Noticed an orc warlord
 12363 | Orc:2    | Found a staircase to the Elven Halls.
 12582 | Orc:2    | Reached **** piety under Wu Jian
 12623 | Orc:2    | Reached skill level 5 in Evocations
 12682 | Orc:2    | Noticed an orc sorcerer
 12717 | Orc:1    | Killed an orc warlord
 12787 | Orc:2    | Noticed a two-headed ogre
 12800 | Orc:2    | Killed a two-headed ogre
 12914 | Orc:2    | Reached skill level 1 in Translocations
 13025 | Orc:2    | Killed an orc sorcerer
 13375 | Orc:1    | Noticed an orc knight
 13463 | Orc:1    | Killed an orc knight
 13669 | Orc:2    | Noticed an orc sorcerer
 13701 | Orc:2    | Killed an orc sorcerer
 13742 | Orc:2    | Noticed an orc sorcerer
 13746 | Orc:2    | Paralysed by an orc sorcerer for 2 turns
 13749 | Orc:2    | Reached XP level 12. HP: 69/72 MP: 18/18
 13764 | Orc:2    | Found Jusap's Distillery.
 13786 | Orc:2    | Found Cifanluj's Jewellery Emporium.
 13817 | Orc:2    | Bought a potion of heal wounds for 70 gold pieces
 13830 | Orc:2    | Found an ancient bone altar of Kikubaaqudgha.
 13833 | Orc:2    | Found Emuec's Antique Armour Emporium.
 13833 | Orc:2    | Noticed an ogre mage
 13837 | Orc:2    | Paralysed by an orc sorcerer for 2 turns
 13847 | Orc:2    | Reached skill level 10 in Short Blades
 13860 | Orc:2    | Killed an ogre mage
 14035 | Orc:2    | Reached ***** piety under Wu Jian
 14043 | Orc:2    | Noticed an ogre mage
 14187 | Orc:2    | Killed an ogre mage
 14213 | Orc:2    | Found Binaim Esea's Antique Armour Shoppe.
 14261 | Orc:2    | Found a radiant altar of Vehumet.
 14613 | Orc:2    | Bought a pair of gloves for 112 gold pieces
 14635 | Orc:2    | Bought a silken robe for 182 gold pieces
 14635 | Orc:2    | Identified the +1 robe of Fae Wonder {rCorr Int-5 Slay+2
                  | Stlth+} (You bought it in a shop on level 2 of the Orcish
                  | Mines)
 14635 | Orc:2    | Bought a faintly humming hat for 288 gold pieces
 14635 | Orc:2    | Identified the +0 hat of Vanity {-Cast rElec rF+} (You
                  | bought it in a shop on level 2 of the Orcish Mines)
 14736 | D:10     | Killed a two-headed ogre
 14796 | D:8      | Bought the amulet of the Air {Inacc Air Fly rElec RMsl} for
                  | 451 gold pieces
 14796 | D:8      | Found the amulet of the Air {Inacc Air Fly rElec RMsl}
 14983 | D:11     | Found an iron altar of Okawaru.
 15107 | D:11     | Noticed Lodul
 15137 | D:11     | Killed Lodul
 15314 | D:11     | Found a runed translucent door.
 15317 | D:11     | Noticed ParallaxScroll's ghost (journeyman OpTm)
 15319 | D:11     | Identified the +1 spear of the Puffball {venom, *Corrode
                  | rPois Str+7}
 15346 | D:11     | Found a staircase to the Lair.
 15683 | Lair:1   | Entered Level 1 of the Lair of Beasts
 15693 | Lair:1   | Reached skill level 5 in Spellcasting
 15740 | Lair:1   | Reached skill level 11 in Hexes
 15820 | Lair:1   | Reached skill level 5 in Translocations
 15923 | Lair:1   | Reached XP level 13. HP: 79/79 MP: 13/20
 16538 | Lair:2   | Found a staircase to the Swamp.
 17686 | Lair:3   | Reached skill level 12 in Hexes
 17708 | Lair:3   | Found a shimmering altar of Xom.
 17729 | Lair:3   | You are sucked into a shaft and drop 2 floors!
 17729 | Lair:5   | Entered Level 5 of the Lair of Beasts
 17846 | Lair:5   | Noticed Josephine
 17942 | Lair:5   | Killed Josephine
 17964 | Lair:5   | Reached skill level 10 in Dodging
 18322 | Lair:5   | Found a staircase to the Slime Pits.
 18323 | Lair:5   | Found a viscous altar of Jiyva.
 18458 | Lair:3   | Reached skill level 13 in Hexes
 18499 | Lair:3   | Reached skill level 10 in Fighting
 18529 | Lair:3   | Reached XP level 14. HP: 77/88 MP: 8/23
 18675 | Lair:3   | Identified a scroll of acquirement
 18771 | Lair:3   | Reached ****** piety under Wu Jian
 18855 | Lair:3   | Found a staircase to the Snake Pit.
 20453 | Lair:5   | Found a large runed translucent door.
 20453 | Lair:5   | Found a large runed translucent door.
 20494 | Lair:5   | Reached skill level 5 in Armour
 21906 | D:13     | Found a runed translucent gate.
 21906 | D:13     | Found a runed translucent gate.
 21906 | D:13     | Found a runed translucent gate.
 21909 | D:13     | Noticed Gint's ghost (journeyman HOFi)
 22199 | D:13     | Learned a level 3 spell: Swiftness
 22242 | D:13     | Reached skill level 1 in Air Magic
 22299 | D:13     | Found a gate to the Vaults.
 22304 | D:13     | Reached XP level 15. HP: 95/95 MP: 20/24
 22712 | D:13     | Killed Gint's ghost
 23017 | D:14     | Found a runed translucent door.
 23207 | D:14     | Reached skill level 10 in Evocations
 23305 | D:14     | Found a runed translucent door.
 23652 | D:14     | Noticed a tentacled monstrosity
 23689 | D:14     | Killed a tentacled monstrosity
 23917 | D:14     | Reached skill level 5 in Air Magic
 24259 | D:15     | Entered Level 15 of the Dungeon
 24465 | D:15     | Identified the +6 glaive of the Growing Jester {flame,
                  | rElec Will+}
 24631 | D:15     | Learned a level 4 spell: Passage of Golubria
 25784 | D:11     | Killed ParallaxScroll's ghost
 25929 | Swamp:1  | Entered Level 1 of the Swamp
 26216 | Swamp:1  | Reached XP level 16. HP: 107/107 MP: 21/25
 26330 | Swamp:1  | Reached skill level 15 in Fighting
 26663 | Swamp:2  | Noticed Kirke
 26673 | Swamp:2  | Killed Kirke
 26755 | Swamp:2  | Noticed Frances
 26779 | Swamp:2  | Killed Frances
 27238 | Swamp:2  | Noticed Louise
 27240 | Swamp:2  | Killed Louise
 27585 | Swamp:3  | Noticed Donald
 27593 | Swamp:3  | Noticed Jorgrun
 27869 | Swamp:2  | Killed Donald
 28075 | Swamp:3  | Reached skill level 14 in Hexes
 28104 | Swamp:2  | Killed Jorgrun
 28935 | Snake:1  | Entered Level 1 of the Snake Pit
 29482 | Snake:1  | Found Mihetser's Weapon Boutique.
 29519 | Snake:1  | Identified Roxanne's Collected Works on the Mountains
 29519 | Snake:1  | Noticed Roxanne
 29632 | Snake:2  | Found Viffahy's Antique Weapon Emporium.
 29642 | Snake:2  | Noticed Aizul
 29654 | Snake:2  | Killed Aizul
 29855 | Snake:2  | Reached XP level 17. HP: 117/117 MP: 5/26
 30926 | Snake:3  | Reached skill level 15 in Hexes
 30970 | Snake:3  | Learned a level 3 spell: Mephitic Cloud
 31154 | Snake:3  | Acquired the +6 shortbow "Dragonslayer" {drain, Will+
                  | Int+5}
 31156 | Snake:3  | Acquired a book of Winter
 31164 | Snake:3  | Learned a level 5 spell: Metabolic Englaciation
 31177 | Snake:3  | Identified the +8 quarterstaff of Division {heavy, rN++
                  | Stlth+}
 31270 | Snake:4  | Entered Level 4 of the Snake Pit
 31681 | Snake:4  | Reached skill level 1 in Poison Magic
 31753 | Snake:4  | Noticed Bai Suzhen
 31760 | Snake:4  | Killed Bai Suzhen
 32496 | Snake:4  | Reached XP level 18. HP: 103/123 MP: 25/29
 32785 | Snake:4  | Reached skill level 5 in Conjurations
 32833 | Snake:4  | Got a serpentine rune of Zot
 33128 | Swamp:4  | Entered Level 4 of the Swamp
 33130 | Swamp:4  | Reached skill level 16 in Hexes
 33171 | Swamp:4  | Found a runed translucent door.
 33171 | Swamp:4  | Noticed Theoretic's ghost (adept VSFi)
 33205 | Swamp:4  | Noticed a tentacled monstrosity
 33361 | Swamp:4  | Killed a tentacled monstrosity
 33931 | Swamp:4  | Reached skill level 5 in Poison Magic
 34193 | Swamp:4  | Got a decaying rune of Zot
 34928 | D:15     | Found a staircase to the Depths.
 35082 | Vaults:1 | Entered Level 1 of the Vaults
 35090 | Vaults:1 | Found a huge runed gate.
 35091 | Vaults:1 | Found a huge runed gate.
 35092 | Vaults:1 | Found a huge runed gate.
 35092 | Vaults:1 | Found a huge runed gate.
 35093 | Vaults:1 | Found a huge runed gate.
 35094 | Vaults:1 | Found a huge runed gate.
 35118 | Vaults:1 | Found a huge runed gate.
 35118 | Vaults:1 | Found a huge runed gate.
 35118 | Vaults:1 | Found a huge runed gate.
 35120 | Vaults:1 | Found a huge runed gate.
 35121 | Vaults:1 | Found a huge runed gate.
 35122 | Vaults:1 | Found a huge runed gate.
 35123 | Vaults:1 | Found a huge runed gate.
 35124 | Vaults:1 | Found a huge runed gate.
 35125 | Vaults:1 | Found a huge runed gate.
 35136 | Vaults:1 | Found a huge runed gate.
 35181 | Vaults:1 | Learned a level 6 spell: Simulacrum
 35255 | Vaults:1 | Reached skill level 1 in Necromancy
 35797 | Vaults:1 | Reached XP level 19. HP: 128/128 MP: 31/31
 36116 | Vaults:1 | Reached skill level 15 in Dodging
 36194 | Vaults:1 | Found a huge runed gate.
 36194 | Vaults:1 | Found a huge runed gate.
 36196 | Vaults:1 | Found a huge runed gate.
 36196 | Vaults:1 | Found a huge runed gate.
 36200 | Vaults:1 | Reached skill level 5 in Necromancy
 36200 | Vaults:1 | Found a huge runed gate.
 36200 | Vaults:1 | Found a huge runed gate.
 36200 | Vaults:1 | Found a huge runed gate.
 36213 | Vaults:1 | Found a huge runed gate.
 36213 | Vaults:1 | Found a huge runed gate.
 36213 | Vaults:1 | Found a huge runed gate.
 36214 | Vaults:1 | Found a huge runed gate.
 36215 | Vaults:1 | Found a huge runed gate.
 36216 | Vaults:1 | Found a huge runed gate.
 36217 | Vaults:1 | Found a huge runed gate.
 36218 | Vaults:1 | Found a huge runed gate.
 36226 | Vaults:1 | Found a huge runed gate.
 36226 | Vaults:1 | Found a huge runed gate.
 36241 | Vaults:1 | Found a huge runed gate.
 36241 | Vaults:1 | Found a huge runed gate.
 36242 | Vaults:1 | Found a huge runed gate.
 36470 | Vaults:1 | Identified the +6 shortbow of Moral Flaws {flame, rElec rF-
                  | rCorr SInv}
 37234 | Vaults:2 | Learned a level 3 spell: Ozocubu's Armour
 37619 | Vaults:2 | Reached skill level 10 in Necromancy
 38460 | Vaults:3 | Found a staircase to the Crypt.
 38490 | Vaults:3 | Reached XP level 20. HP: 134/134 MP: 18/33
 38872 | Vaults:3 | Reached skill level 10 in Ice Magic
 38979 | Vaults:3 | Reached skill level 1 in Throwing
 38979 | Vaults:3 | Reached XP level 21. HP: 139/139 MP: 34/34
 39789 | Vaults:4 | Found a runed translucent door.
 39789 | Vaults:4 | Noticed Yhewuk's ghost (adept GrGl)
 39849 | Vaults:4 | Found the +15 Maxwell's patent armour {-Cast -Tele rElec
                  | Will+ rCorr}
 39849 | Vaults:4 | Noticed a dread lich
 39851 | Vaults:4 | Killed a dread lich
 39854 | Vaults:4 | Identified the +4 morningstar of Zauvonk {flame, Fly rF+
                  | SInv}
 40158 | Vaults:4 | Reached skill level 10 in Spellcasting
 40882 | Vaults:4 | Killed Yhewuk's ghost
 41589 | Elf:1    | Entered Level 1 of the Elven Halls
 41822 | Elf:1    | Reached XP level 22. HP: 144/144 MP: 34/36
 42012 | Elf:1    | Reached skill level 5 in Throwing
 42053 | Elf:1    | Reached skill level 1 in Ranged Weapons
 42558 | Elf:2    | Found Legyusixt's Magic Scroll Emporium.
 42578 | Elf:2    | Bought a scroll of blinking for 105 gold pieces
 42578 | Elf:2    | Bought a scroll of blinking for 105 gold pieces
 42967 | Elf:2    | Found a runed translucent gate.
 42968 | Elf:2    | Found a runed translucent gate.
 42968 | Elf:2    | Found a runed translucent gate.
 43395 | Elf:2    | Reached skill level 5 in Ranged Weapons
 43661 | Elf:3    | Entered Level 3 of the Elven Halls
 43787 | Elf:3    | Found Uhuy's Distillery.
 43795 | Elf:3    | Bought a potion of resistance for 150 gold pieces
 43795 | Elf:3    | Bought a potion of heal wounds for 75 gold pieces
 43795 | Elf:3    | Bought a potion of haste for 150 gold pieces
 43901 | Elf:3    | Learned a level 1 spell: Apportation
 44801 | Elf:3    | Reached skill level 15 in Stealth
 45142 | Elf:3    | Identified the +1 long sword "Jeown" {venom, rElec rC+
                  | Str-4 Int+3}
 45181 | Elf:3    | Reached XP level 23. HP: 79/149 MP: 37/37
 45396 | Elf:3    | Identified the +4 broad axe "Utze" {antimagic, rElec Str+3
                  | Int+3 Dex-5}
 45396 | Elf:3    | Identified the +3 leather armour of the Kettle-Drum {rC+++}
 45484 | Elf:3    | Got Sif Muna's Excursus on Topography and Kindling
 45532 | Elf:3    | Identified the ring "Munkib" {Wiz Str+3}
 45566 | Elf:3    | Identified the +11 morningstar "Hehun" {venom, rN+ Will+}
 45568 | Elf:3    | Identified the +3 morningstar of Koproept {drain, Int+4
                  | Dex+2 Stlth+}
 45573 | Elf:3    | Identified the +0 plate armour "Linaech" {Dex+8}
 45588 | Elf:3    | Identified the +1 helmet of the Priests {+Inv rPois rF+}
 45989 | Depths:1 | Entered Level 1 of the Depths
 45993 | Depths:1 | Noticed the Enchantress
 46001 | Depths:1 | Identified the +0 kite shield of Mysticism {Contam Harm
                  | Int+5 Slay+6}
 46001 | Depths:1 | Noticed Asterion
 46010 | Depths:1 | Killed the Enchantress
 46263 | Depths:1 | Killed Asterion
 46345 | Depths:1 | Found a gateway to Hell.
 46541 | Depths:1 | Reached skill level 15 in Necromancy
 46550 | Depths:1 | Found a one-way gateway to a ziggurat.
 47323 | Depths:1 | Identified the +1 helmet of Kleptomania {rCorr}
 48067 | Depths:2 | Identified the +4 hand axe of Sextetz {heavy, rC- rN++}
 48182 | Depths:2 | Found a one-way gate to the infinite horrors of the Abyss.
 48395 | Depths:2 | Noticed Grunn
 48408 | Depths:2 | Reached skill level 15 in Evocations
 49518 | Depths:2 | Killed Grunn
 49550 | Depths:2 | Found a one-way gate leading to the halls of Pandemonium.
 49700 | Depths:2 | Found a sacrificial altar of Ru.
 49859 | Depths:3 | Found a sparkling altar of Nemelex Xobeh.
 50355 | Depths:3 | Paralysed by a vampire knight for 5 turns
 51123 | Depths:3 | Noticed a caustic shrike
 51167 | Depths:3 | Reached XP level 24. HP: 138/156 MP: 0/39
 51465 | Depths:3 | Noticed a juggernaut
 51472 | Depths:3 | Killed a juggernaut
 51903 | Depths:3 | Identified the +4 hand axe "Ibbaon" {heavy, Will+}
 51917 | Depths:3 | Learned a level 7 spell: Enfeeble
 52101 | Depths:3 | Identified the +7 morningstar of the Chewing Madman
                  | {antimagic, Int+3}
 52135 | Depths:3 | Identified the +5 spear of Xigal {venom, rF++ rC+ Str-3}
 52653 | Depths:3 | Got Veirgh's Handbook of the Boggart
 52696 | Depths:3 | Got the Quarto of Twinkling Arcane Combat
 52735 | Depths:4 | Entered Level 4 of the Depths
 52961 | Depths:4 | Reached skill level 10 in Armour
 53332 | Depths:4 | Reached skill level 17 in Hexes
 53695 | Depths:4 | Found a gate to the Realm of Zot.
 54119 | Depths:4 | Reached skill level 18 in Hexes
 55062 | Slime:1  | Entered Level 1 of the Pits of Slime
 55564 | Slime:3  | Found a viscous altar of Jiyva.
 55595 | Slime:5  | Entered Level 5 of the Pits of Slime
 55618 | Slime:5  | Reached skill level 19 in Hexes
 55812 | Slime:5  | Noticed the Royal Jelly
 55870 | Slime:5  | Found a viscous altar of Jiyva.
 55872 | Slime:5  | Found the +4 moon troll leather armour {Spirit, Regen++
                  | MP+5}
 55873 | Slime:5  | Found the +7 mace of Variability {chaos, chain chaos}
 56696 | Slime:5  | Reached XP level 25. HP: 160/160 MP: 37/39
 56914 | Slime:5  | Killed the Royal Jelly
 57167 | Slime:5  | Got Ylluyt's Precepts of the Fetching Snowflakes
 57170 | Slime:5  | Identified the ring "Kayme" {rPois rC+ Will+ Str+3 Int+2}
 57179 | Slime:5  | Identified the +7 quarterstaff of Honour {pain, rN+}
 57183 | Slime:5  | Got Sif Muna's Textbook on Metamorphosis and Creation
 57212 | Slime:5  | Identified the +6 rapier of Valiance {heavy, rPois}
 57232 | Slime:5  | Identified the +2 shortbow of Resourcefulness {freeze,
                  | Str+4}
 57235 | Slime:5  | Identified the +1 ring mail of Antique Birdsong {+Inv Fly}
 57242 | Slime:5  | Got a slimy rune of Zot
 57249 | Slime:5  | Identified the +1 arbalest of Imbalance {antimagic, *Slow
                  | rPois rF+++ Str-5}
 57514 | Lair:1   | Learned a level 5 spell: Silence
 57721 | Crypt:1  | Entered Level 1 of the Crypt
 57803 | Crypt:1  | Identified the +8 dagger of Beogh's Hatred {heavy, *Noise
                  | Fly rPois Dex+3}
 58380 | Crypt:1  | Noticed Xtahua
 58383 | Crypt:1  | Killed Xtahua
 58878 | Crypt:2  | Reached skill level 20 in Hexes
 59162 | Crypt:2  | Identified the ring "Miach" {rN+ Int+6}
 59957 | Crypt:2  | Identified the +6 falchion of Valiance {freeze, Drain Str+2
                  | Dex+8 Stlth+}
 59961 | Crypt:2  | Got Sif Muna's Vellum of Configuration
 60399 | Crypt:2  | Identified the +10 scimitar of the Inviting Hawk {drain,
                  | rF- rC+++ Str+4}
 60473 | Crypt:2  | Reached skill level 21 in Hexes
 60801 | Crypt:3  | Entered Level 3 of the Crypt
 61538 | Crypt:3  | Reached skill level 22 in Hexes
 62944 | Crypt:3  | Found a staircase to the Tomb.
 63087 | Crypt:3  | Found the +8 demon blade "Leech" {evervamp, Harm Drain rN+}
 63157 | Crypt:3  | Identified the +7 arbalest "Zoreof" {penet, *Corrode Fly
                  | Int+2 SInv}
 63687 | Zot:1    | Entered Level 1 of the Realm of Zot
 63741 | Zot:1    | Noticed an orb of fire
 64024 | Zot:1    | You are sucked into a shaft and drop 1 floor!
 64371 | Zot:1    | Reached XP level 26. HP: 140/157 MP: 32/39
 64452 | Zot:1    | Gained mutation: You are clumsy. (Dex -2) [an orb of fire]
 64494 | Depths:4 | Killed an orb of fire
 65235 | Zot:1    | Learned a level 8 spell: Discord
 66316 | Zot:2    | Reached skill level 23 in Hexes
 66342 | Zot:3    | Noticed an orb of fire
 66361 | Zot:2    | Gained mutation: You are occasionally teleported next to
                  | monsters. [an orb of fire]
 66388 | Zot:2    | Gained mutation: You occasionally lose the ability to drink
                  | potions when taking damage. [an orb of fire]
 66631 | Vaults:1 | Lost mutation: You are clumsy. (Dex -2) [potion of
                  | mutation]
 66631 | Vaults:1 | Lost mutation: You occasionally lose the ability to drink
                  | potions when taking damage. [potion of mutation]
 66631 | Vaults:1 | Lost mutation: You are occasionally teleported next to
                  | monsters. [potion of mutation]
 66631 | Vaults:1 | Gained mutation: You expend magic power (3 MP) to
                  | strengthen your wands. [potion of mutation]
 66955 | Zot:2    | Gained mutation: Potions are less effective at restoring
                  | your health. [an orb of fire]
 66958 | Zot:2    | Killed an orb of fire
 67101 | Zot:3    | Reached skill level 24 in Hexes
 67395 | Zot:3    | Reached skill level 25 in Hexes
 68246 | Zot:4    | Found the +1 robe of Vines {NoPotionHeal Regen++++}
 68740 | Zot:4    | Noticed an orb of fire
 68774 | Zot:4    | Killed an orb of fire
 68934 | Zot:4    | Noticed an orb of fire
 68943 | Zot:4    | Reached skill level 26 in Hexes
 68962 | Zot:4    | Killed an orb of fire
 68965 | Zot:4    | Reached XP level 27. HP: 108/173 MP: 17/40
 69581 | Zot:5    | Entered Level 5 of the Realm of Zot
 70731 | Zot:5    | Noticed an orb of fire
 70832 | Zot:5    | Noticed an orb of fire
 70843 | Zot:5    | Gained mutation: You occasionally lose the ability to drink
                  | potions when taking damage. [an orb of fire]
 70862 | Zot:5    | Killed an orb of fire
 70884 | Zot:5    | Killed an orb of fire
 70899 | Zot:5    | Noticed an ancient lich
 70915 | Zot:5    | Killed an ancient lich
 70916 | Zot:5    | Noticed an orb of fire
 70916 | Zot:5    | Noticed a dread lich
 70916 | Zot:5    | Noticed an orb of fire
 70932 | Zot:5    | Killed a dread lich
 71095 | Zot:5    | Noticed a dread lich
 71098 | Zot:5    | Gained mutation: You occasionally shout uncontrollably at
                  | your foes. [an orb of fire]
 71118 | Zot:4    | Killed a dread lich
 71143 | Zot:5    | Gained mutation: You frequently scream uncontrollably at
                  | your foes. [an orb of fire]
 71143 | Zot:5    | Noticed a dread lich
 71182 | Zot:4    | Killed an orb of fire
 71288 | Zot:5    | Killed a dread lich
 71336 | Zot:5    | Gained mutation: You occasionally lose the ability to read
                  | scrolls when taking damage. [an orb of fire]
 71340 | Zot:5    | Gained mutation: You are weak. (Str -2) [an orb of fire]
 71351 | Zot:5    | Killed an orb of fire
 71497 | Zot:4    | Lost mutation: You frequently scream uncontrollably at your
                  | foes. [potion of mutation]
 71497 | Zot:4    | Lost mutation: You occasionally lose the ability to read
                  | scrolls when taking damage. [potion of mutation]
 71497 | Zot:4    | Lost mutation: You are weak. (Str -2) [potion of mutation]
 71497 | Zot:4    | Gained mutation: You sometimes lose your temper in combat.
                  | [potion of mutation]
 71871 | Zot:5    | Noticed an ancient lich
 71933 | Zot:5    | Killed an ancient lich
 71934 | Zot:5    | Reached skill level 27 in Hexes
 73008 | Vaults:4 | Lost mutation: You expend magic power (3 MP) to strengthen
                  | your wands. [potion of mutation]
 73008 | Vaults:4 | Lost mutation: You sometimes lose your temper in combat.
                  | [potion of mutation]
 73008 | Vaults:4 | Gained mutation: Your magical capacity is low. (-10% MP)
                  | [potion of mutation]
 73009 | Vaults:4 | Lost mutation: You occasionally shout uncontrollably at
                  | your foes. [potion of mutation]
 73009 | Vaults:4 | Lost mutation: You occasionally lose the ability to drink
                  | potions when taking damage. [potion of mutation]
 73009 | Vaults:4 | Lost mutation: Potions are less effective at restoring your
                  | health. [potion of mutation]
 73009 | Vaults:4 | Gained mutation: You have large cloven feet. [potion of
                  | mutation]
 73009 | Vaults:4 | Gained mutation: Armour fits poorly on your strangely
                  | shaped body. [potion of mutation]
 73041 | Vaults:5 | Entered Level 5 of the Vaults
 73046 | Vaults:5 | Reached skill level 1 in Long Blades
 73303 | Vaults:5 | Noticed a dread lich
 73316 | Vaults:5 | Killed a dread lich
 73380 | Vaults:5 | Reached skill level 5 in Long Blades
 73402 | Vaults:5 | Got a silver rune of Zot
 73669 | Vaults:5 | Identified the +0 short sword "Noesak" {venom, rC+ Will+}
 73694 | Vaults:5 | Identified the +6 quarterstaff "Paczi" {drain, *Noise *Slow
                  | rCorr SInv}
 73696 | Vaults:5 | Noticed a dread lich
 73716 | Vaults:5 | Killed a dread lich
 73926 | Vaults:5 | Identified the ring of Canwyosi {Wiz rElec rPois Int+3}
 73942 | Vaults:5 | Identified the amulet of Meeck {Acrobat rElec rCorr Str+3}
 74315 | Vaults:5 | Identified the +1 great sword "Dragonbane" {heavy, rElec
                  | rN++ Will- SInv}
 74855 | Vaults:5 | Identified the +9 morningstar of Otilouck {protect, rPois}
 75289 | Depths:2 | Voluntarily entered the Abyss.
 75366 | Abyss:2  | Found a corrupted altar of Lugonu.
 75492 | Abyss:3  | Got an abyssal rune of Zot
 75680 | Abyss:3  | Found a corrupted altar of Lugonu.
 75698 | Depths:2 | Escaped the Abyss
 75763 | Hell     | Entered the Vestibule of Hell
 75763 | Hell     | Noticed Geryon
 75791 | Hell     | Killed Geryon
 76224 | Hell     | Paralysed by a vampire knight for 4 turns
 76392 | Hell     | Found a gateway to the decaying netherworld of Tartarus.
 76515 | Hell     | Found a gateway to the freezing wastes of Cocytus.
 77014 | Pan      | Entered Pandemonium
 77302 | Pan      | Learned a level 8 spell: Infestation
 78404 | Pan      | Reached skill level 15 in Spellcasting
 78429 | Pan      | Noticed Geedier the pandemonium lord
 78442 | Pan      | Killed Geedier the pandemonium lord
 78608 | Pan      | Identified the +0 helmet of the Pleiades {-Tele Will++
                  | Dex+5}
 78668 | Pan      | Entered the realm of Mnoleg.
 78748 | Pan      | Gained mutation: You are frail. (-10% HP) [a cacodemon]
 78782 | Pan      | Gained mutation: You occasionally lose the ability to drink
                  | potions when taking damage. [a cacodemon]
 79364 | Pan      | Gained mutation: You are very frail. (-20% HP) [a
                  | cacodemon]
 79397 | Pan      | Noticed Mnoleg
 79411 | Pan      | Gained mutation: You have hoof-like feet. [a neqoxec]
 79437 | Pan      | Killed Mnoleg
 79470 | Pan      | Got a glowing rune of Zot
 79744 | Pan      | Identified the +2 dire flail of Obsession {heavy, rF+ rC+
                  | Will+}
 80016 | Pan      | Noticed Ignacio
 80016 | Pan      | Found an exit through the horrors of the Abyss.
 80020 | Pan      | Killed Ignacio
 80269 | Pan      | Gained mutation: You are weak. (Str -2) [a neqoxec]
 80665 | Pan      | Noticed Ozowuecs the pandemonium lord
 80674 | Pan      | Gained mutation: Your spells are a little easier to cast,
                  | but a little less powerful. [a neqoxec]
 81078 | Pan      | Lost mutation: You occasionally lose the ability to drink
                  | potions when taking damage. [potion of mutation]
 81078 | Pan      | Lost mutation: You have hoof-like feet. [potion of
                  | mutation]
 81078 | Pan      | Lost mutation: You are very frail. (-20% HP) [potion of
                  | mutation]
 81079 | Pan      | Lost mutation: Your magical capacity is low. (-10% MP)
                  | [potion of mutation]
 81079 | Pan      | Lost mutation: You are weak. (Str -2) [potion of mutation]
 81079 | Pan      | Lost mutation: You are frail. (-10% HP) [potion of
                  | mutation]
 81079 | Pan      | Gained mutation: You possess an exceptional clarity of
                  | mind. [potion of mutation]
 81079 | Pan      | Gained mutation: You expend magic power (3 MP) to
                  | strengthen your wands. [potion of mutation]
 81616 | Pan      | Entered the realm of Lom Lobon.
 82074 | Pan      | Noticed Lom Lobon
 82164 | Pan      | Killed Lom Lobon
 82265 | Pan      | Got a magical rune of Zot
 82931 | Pan      | HP: 4/179 [reaper/+2 scythe of flaming (28)]
 83235 | Pan      | Acquired 717 gold pieces
 83343 | Pan      | Noticed Tipherua the pandemonium lord
 83366 | Pan      | Killed Tipherua the pandemonium lord
 83375 | Pan      | Got a demonic rune of Zot
 84775 | Pan      | Gained mutation: Your body sometimes deteriorates upon
                  | taking damage. [a cacodemon]
 84994 | Pan      | Found an exit through the horrors of the Abyss.
 85037 | Pan      | Noticed Picit the pandemonium lord
 85043 | Pan      | Entered the realm of Gloorx Vloq.
 85380 | Pan      | Found an exit through the horrors of the Abyss.
 86437 | Pan      | Noticed Gloorx Vloq
 87018 | Pan      | Killed Gloorx Vloq
 87379 | Pan      | Got a dark rune of Zot
 87478 | Pan      | Found an exit through the horrors of the Abyss.
 87584 | Pan      | Noticed Egulauq the pandemonium lord
 87783 | Pan      | Reached skill level 15 in Armour
 88170 | Pan      | Found a runed translucent door.
 88174 | Pan      | Found a runed translucent door.
 88180 | Pan      | Found a runed translucent door.
 88182 | Pan      | Found a runed translucent door.
 88342 | Depths:2 | Escaped Pandemonium
 88345 | Depths:2 | Lost mutation: Your spells are a little easier to cast, but
                  | a little less powerful. [potion of mutation]
 88345 | Depths:2 | Lost mutation: You expend magic power (3 MP) to strengthen
                  | your wands. [potion of mutation]
 88345 | Depths:2 | Lost mutation: You possess an exceptional clarity of mind.
                  | [potion of mutation]
 88345 | Depths:2 | Gained mutation: You have sharp fingernails. [potion of
                  | mutation]
 88345 | Depths:2 | Gained mutation: You have an increased reservoir of magic.
                  | (+10% MP) [potion of mutation]
 88345 | Depths:2 | Gained mutation: You possess an exceptional clarity of
                  | mind. [potion of mutation]
 88345 | Depths:2 | Gained mutation: You are somewhat resistant to further
                  | mutation. [potion of mutation]
 88767 | Orc:2    | Bought a potion of cancellation for 112 gold pieces
 88767 | Orc:2    | Bought a potion of haste for 140 gold pieces
 88767 | Orc:2    | Bought a potion of ambrosia for 112 gold pieces
 88767 | Orc:2    | Bought a potion of haste for 140 gold pieces
 88898 | Elf:3    | Bought a potion of brilliance for 60 gold pieces
 88898 | Elf:3    | Bought a potion of mutation for 120 gold pieces
 88898 | Elf:3    | Bought a potion of ambrosia for 120 gold pieces
 88898 | Elf:3    | Bought a potion of mutation for 120 gold pieces
 88898 | Elf:3    | Bought a potion of curing for 45 gold pieces
 89613 | Pan      | Entered Pandemonium
 90166 | Pan      | Entered the realm of Cerebov.
 90959 | Pan      | Acquired the +8 longbow "Zephyr" {speed, Dex+3 SInv}
 90959 | Pan      | Found the +8 longbow "Zephyr" {speed, Dex+3 SInv}
 91696 | Pan      | Reached skill level 10 in Long Blades
 91752 | Pan      | Found the +6 sword of Cerebov {flame}
 91752 | Pan      | Noticed Cerebov
 91756 | Pan      | Identified the +4 hand axe of the Wolf {elec, Will+ Str+2}
 91781 | Pan      | Killed Cerebov
 92015 | Pan      | Identified the +2 pair of boots "Ufomoira" {rN+ Str+3 Int+4
                  | Slay-6}
 92020 | Pan      | Got the Atlas of Scorched Frostbite
 92037 | Pan      | Got Sif Muna's Lectures on the Dragon and the Fair Folk
 92043 | Pan      | Identified the amulet of the Sixty-Six Loafs {RegenMP Int+3
                  | SInv}
 92044 | Pan      | Identified the +5 trident "Nicremog" {elec, rPois rCorr}
 92076 | Pan      | Identified the +2 leather armour of Elyvilon, Changing
                  | {rElec rF- rC- Regen+}
 92080 | Pan      | Identified the +0 broad axe "Sarcophage" {drain, rElec
                  | Will- rCorr SInv}
 92098 | Pan      | Identified the +1 ring mail "Qiutaruo" {Dex+3 Slay+5}
 92100 | Pan      | Identified the +3 leather armour of Uraykh {SInv}
 92125 | Pan      | Got a fiery rune of Zot
 92282 | Pan      | Noticed Wotopp the pandemonium lord
 92291 | Pan      | Killed Wotopp the pandemonium lord
 92570 | Pan      | HP: 8/182 [revenant/dispel undead[a demonspawn corrupter]
                  | (43)]
 95845 | Pan      | Identified the ring of Duxearph {rN++ AC+4 Slay+2}
 95850 | Pan      | Identified the +0 helmet "Joihabocrure" {Slay+2}
 95977 | Pan      | Found an exit through the horrors of the Abyss.
 96830 | Pan      | Noticed Fipheudy the pandemonium lord
 97229 | Pan      | Found an exit through the horrors of the Abyss.
 97703 | Pan      | Noticed Ypaffus the pandemonium lord
 97715 | Pan      | Took an exit into the Abyss.
 97715 | Abyss:3  | Escaped into the Abyss
 97715 | Abyss:3  | Found a corrupted altar of Lugonu.
 97761 | Abyss:3  | Found a corrupted altar of Lugonu.
 97769 | Depths:2 | Escaped the Abyss
 98350 | Hell     | Found a gateway to the ashen valley of Gehenna.
 98992 | Hell     | Reached skill level 15 in Long Blades
 99240 | Hell     | Found a gateway to the Iron City of Dis.
 99298 | Coc:1    | Entered Level 1 of Cocytus
 99324 | Coc:1    | Paralysed by a wendigo for 1 turns
100301 | Coc:2    | HP: 8/161 [shard shrike simulacrum (7)]
100709 | Depths:3 | Voluntarily entered the Abyss.
100719 | Abyss:3  | Found a transporter.
100725 | Abyss:3  | Found a transporter.
100735 | Abyss:3  | Found a corrupted altar of Lugonu.
100779 | Abyss:3  | Found a corrupted altar of Lugonu.
100803 | Abyss:3  | Paralysed by accursed screaming for 1 turns
100805 | Abyss:3  | Paralysed by accursed screaming for 1 turns
100806 | Abyss:3  | HP: 2/144 [starcursed mass/accursed screaming (6)]
100807 | Depths:3 | Escaped the Abyss
101237 | Depths:3 | Voluntarily entered the Abyss.
101674 | Depths:3 | Escaped the Abyss
101795 | Depths:3 | Voluntarily entered the Abyss.
101897 | Depths:3 | Escaped the Abyss
101899 | Depths:3 | Voluntarily entered the Abyss.
102232 | Abyss:3  | Found a corrupted altar of Lugonu.
102253 | Abyss:3  | Paralysed by accursed screaming for 1 turns
102334 | Depths:3 | Escaped the Abyss
102587 | Depths:3 | Voluntarily entered the Abyss.
102746 | Abyss:3  | Found a corrupted altar of Lugonu.
102937 | Abyss:3  | Found a corrupted altar of Lugonu.
102957 | Abyss:3  | Found a corrupted altar of Lugonu.
103013 | Abyss:3  | Found a corrupted altar of Lugonu.
103155 | Abyss:3  | Found a corrupted altar of Lugonu.
103167 | Depths:3 | Escaped the Abyss
103566 | Tomb:1   | Entered Level 1 of the Tomb of the Ancients
103928 | Tomb:1   | Noticed a royal mummy
103940 | Tomb:1   | Identified the +7 dire flail "Leyttor" {freeze, Fly rC+
                  | rCorr}
103950 | Tomb:1   | Killed a royal mummy
104254 | Tomb:1   | Noticed a royal mummy
104258 | Tomb:1   | Killed a royal mummy
104516 | Tomb:2   | Noticed a royal mummy
104516 | Tomb:2   | Noticed a royal mummy
104516 | Tomb:2   | Noticed a royal mummy
104516 | Tomb:2   | Noticed a royal mummy
104544 | Tomb:2   | Killed a royal mummy
104546 | Tomb:2   | Killed a royal mummy
104556 | Tomb:2   | Killed a royal mummy
104579 | Tomb:2   | Killed a royal mummy
105128 | Tomb:2   | Learned a level 5 spell: Yara's Violent Unravelling
105172 | Tomb:2   | Reached skill level 1 in Transmutations
105281 | Tomb:1   | Noticed a royal mummy
105281 | Tomb:1   | Noticed a royal mummy
105281 | Tomb:1   | Noticed a royal mummy
105287 | Tomb:1   | Noticed a royal mummy
105290 | Tomb:1   | Killed a royal mummy
105291 | Tomb:1   | Noticed a royal mummy
105306 | Tomb:1   | Slain by an emperor scorpion

Illustrated notes

Levels and vault maps discovered:
D:1:      minmay_arrival_glassed_features, layout_loops_ring
D:2:      layout_basic, uniq_robin
D:3:      layout_rooms, mainiacjoe_overflow_brackets, kennysheep_doodads,
          minmay_crystal_water
D:4:      layout_gridville, ashenzari_conservatory_becter, serial_bayou_pond_d,
          kennysheep_potato
D:5:      layout_loops_ring, chequers_temple_overflow_minitemple
D:6:      layout_basic, uniq_prince_ribbit1
D:7:      layout_loops_ring, temple_doors_cd, minmay_holes, minmay_fountain_box,
          uniq_menkaure
D:8:      layout_basic, nicolae_overflow_hidden_temple, serial_undead,
          serial_undead_b, serial_undead_c, serial_undead_a, serial_undead_c,
          serial_shops, shop, nicolae_stop_n_shop_1
D:9:      layout_basic, mainiacjoe_overflow_boulevard,
          ebering_dispersal_statue_hall
D:10:     layout_long_grid, hiddenorc2_lemuel, grunt_ministairs_2
D:11:     layout_rooms, david_lair_generic, ebering_ghost_funeral_grove,
          okawaru_metal_pillars_1_2, uniq_lodul
D:12:     layout_roguey
D:13:     layout_irregular_city, grunt_vaults_entry_tiered,
          gammafunk_ghost_hydra_chop
D:14:     cheibrodos_body_horror, layout_gridville, kennysheep_treasure_room
D:15:     gammafunk_enter_depths_forms, layout_loops_ring, serial_park_gazebo
          [serial_park_minivault_5x5_3], amcnicky_mini_rare_corridor_liquid,
          chequers_serial_rivers_micro_b
Temple:   cyrus_circular_temple
Lair:1:   wander_river, layout_regular_city, infiniplex_staircase_pool_2
Lair:2:   layout_chaotic_city, skrybe_swamp_entry_bodies, minivault_26,
          grunt_megastairs_2
Lair:3:   layout_gridlike, nicolae_snake_entry_warm_welcome, basic_altar,
          nicolae_quartered_pool_little, beast_lair_carwin_8, lemuel_fruit_tree
Lair:4:   layout_cave_shapes, beast_lair_carwin_9, serial_bayou_shore_a,
          infiniplex_staircase_pool
Lair:5:   cheibrodos_lair_end_hotspot, layout_hall_layers, slime_entry_1,
          uniq_josephine
Swamp:1:  layout_basic_swamp, hangedman_swamp_diagram
Swamp:2:  layout_falls_marsh, evilmike_swamp_ruin_house_6, uniq_frances,
          uniq_louise, uniq_kirke
Swamp:3:  layout_basic_swamp, serial_swamp_ruin, evilmike_swamp_ruin_house_4,
          hangedman_swamp_ruin_wall, uniq_jorgrun, uniq_donald
Swamp:4:  swamp_basic_johnstein, layout_basic_swamp,
          hellmonk_ghost_happy_afterlife, swamp_pool1,
          nicolae_swamp_vermiculated
Snake:1:  nicolae_snake_attic_fulla_snakes, layout_rooms,
          nicolae_take_the_stairs, uniq_roxanne
Snake:2:  layout_rooms, serial_shops, shop, nicolae_snake_snakes_in_the_grass,
          uniq_aizul
Snake:3:  layout_onion_interference
Snake:4:  grunt_snake_rune_spirals, layout_onion_interference,
          nicolae_snake_magic_snake_eye, uniq_bai_suzhen
Slime:1:  nicolae_slime_jelly_donut, layout_caves
Slime:2:  layout_caves
Slime:3:  nicolae_slime_pool, layout_caves, basic_altar
Slime:4:  layout_caves, nicolae_slime_getting_an_eyeful
Slime:5
Orc:1:    layout_caves
Orc:2:    kennysheep_orc_mage_school, layout_diamond_mine
Elf:1:    eino_elf_arrival_the_gate, layout_gridlike, hangedman_corner_corridor,
          grunt_ministairs_6
Elf:2:    nicolae_elf_blades_crystal_corner, layout_geoelf_octagon,
          serial_shops, shop
Elf:3:    minmay_elf_hall_four_x, layout_loops_cross, serial_shops, shop
Vaults:1: vaults_standard_mumra_lines, not_door_vault_mu, vaults_dpeg_spiral,
          v_misc_33, ontoclasm_vaults_hangar, ontoclasm_vaults_bender,
          hangedman_vaults_trim, v_misc_11, vaults_dpeg_ring, vaults_room_pool,
          layout_vaults_omnigrid
Vaults:2: dpeg_vaults_monster_row, hangedman_vaults_nodes,
          ontoclasm_vaults_spin, ontoclasm_vaults_chip,
          nicolae_vaults_border_crossing, vaults_mumra_hex,
          layout_vaults_chaotic_city
Vaults:3: minmay_crypt_entry_simple_sparse, hangedman_vaults_stitches,
          hangedman_vaults_snaps, hangedman_vaults_stagger,
          nicolae_vaults_little_squares_2, v_pattern_4, nicolae_vaults_theta,
          nicolae_vaults_stairing_the_circle, vaults_room_fours,
          ontoclasm_vaults_ring_small, ontoclasm_vaults_hangar,
          nicolae_vaults_gold_heap, layout_vaults_ring
Vaults:4: gammafunk_ghost_grave, st_check, vaults_mumra_chevron,
          ontoclasm_vaults_ligature, v_pattern_5, nicolae_vaults_big_ls,
          v_misc_4, nicolae_vaults_windows_and_doors_thing, v_rooms_3, v_misc_8,
          nicolae_vaults_circle_grid_b, nicolae_vaults_network_s,
          ontoclasm_vaults_twist, nicolae_vaults_little_squares_6,
          layout_vaults_maze
Vaults:5
Crypt:1:  layout_regular_city, minmay_misc_feat_five, uniq_xtahua,
          uniq_josephina
Crypt:2:  nicolae_crypt_knochenhaus, layout_misc_corridors
Crypt:3:  due_elkab, layout_chaotic_city, nicolae_tomb_entry_grand_gallery
Tomb:1
Tomb:2
Depths:1: layout_gridlike, enter_ziggurat_f, pf_vacation_house_of_asmodeus,
          kennysheep_generic_room_4, firewood_loft, uniq_asterion,
          uniq_enchantress
Depths:2: minmay_the_grid_plus_closed [minmay_the_grid_eight,
          minmay_the_grid_minigrid_small_alt, minmay_the_grid_outer_diamond,
          minmay_the_grid_dragon_a, minmay_the_grid_prize_trominoes],
          layout_twisted_cross, kennysheep_crisscross, hellmouth_1, pan_entry,
          abyss_entry, reono_crystal_passage, nicolae_ru_path_of_blood,
          uniq_grunn
Depths:3: minmay_tearing_corner, layout_gridville,
          nemelex_xobeh_ov_fountains_minmay, pf_hell_entry_tar_river,
          hangedman_abyss_entry_splay, minmay_checkered_concentric_circles
Depths:4: grunt_zot_entry_hairpin, layout_gridlike, hellmouth_3,
          rand_demon_pan_entry_3, serial_rivers, chequers_serial_rivers_micro_e,
          chequers_serial_rivers_small_3, chequers_serial_rivers_small_b,
          chequers_serial_rivers_room_a, dreamdust_wishing_well
Hell
Coc:1:    nicolae_coc_caina, layout_ice_bergs
Coc:2:    layout_ice_bergs, nicolae_hells_seeping_fissure
Coc:3:    layout_ice_bergs
Zot:1:    layout_misc_corridors
Zot:2:    layout_twisted_circle, hangedman_zot_decor_tridents,
          grunt_ministairs_5, bh_zot_levy_curve, skrybe_zot_glass_1
Zot:3:    layout_misc_corridors
Zot:4:    grunt_deathspiral_small, layout_onion_interference
Zot:5:    layout_concentric_octagons, grunt_ministairs_3

Skill      XL: |  1  2  3  4  5  6  7  8  9 10 11 12 13 14 15 16 17 18 19 20 21 22 23 24 25 26 27 |
---------------+----------------------------------------------------------------------------------+-----
Stealth        | 5 6 8 10 12 14 15 16 18 | 18.0
Short Blades   | 2 3 5 6 7 8 9 10 11 12 | 12.0
Dodging        | 3 4 5 6 8 10 11 12 13 14 15 16 18 19 23 | 23.0
Ice Magic      | 1 3 4 5 6 8 10 11 12 13 | 13.0
Hexes          | 5 6 7 8 10 11 13 14 15 16 19 22 26 27 | 27.0
Fighting       | 1 2 3 6 7 8 10 11 14 17 18 22 | 22.5
Armour         | 1 2 3 4 5 6 7 8 12 16 | 16.0
Evocations     | 1 2 3 4 6 8 9 10 11 12 18 | 18.0
Spellcasting   | 3 4 5 6 7 8 9 10 12 13 18 | 18.7
Conjurations   | 1 2 4 6 |  6.0
Translocations | 2 5 6 8 |  8.0
Air Magic      | 1 6 8 |  8.0
Poison Magic   | 2 6 |  6.0
Necromancy     | 3 11 12 13 14 15 16 24 | 24.0
Throwing       | 1 4 6 |  6.0
Ranged Weapons | 6 7 8 |  8.0
Long Blades    | 16 | 16.7
Transmutations | 2 |  2.0

Action                     |  1- 3 |  4- 6 |  7- 9 | 10-12 | 13-15 | 16-18 | 19-21 | 22-24 | 25-27 || total
---------------------------+-------+-------+-------+-------+-------+-------+-------+-------+-------++-------
  Melee: Dagger            |    99 |    94 |   229 |   254 |     1 |       |       |       |    30 ||   707
         Bite              |     5 |    10 |    33 |    88 |   163 |   211 |   175 |   469 |  1674 ||  2828
         Punch             |     1 |     2 |     2 |     2 |       |       |       |     2 |     5 ||    14
         Unarmed           |       |       |       |     2 |       |       |       |       |       ||     2
         Pair of quick bla |       |       |       |   380 |  1114 |  1433 |  1149 |  2461 |  8131 || 14668
         Rapier            |       |       |       |       |       |       |       |    53 |       ||    53
         Flamberge         |       |       |       |       |       |       |       |       |   344 ||   344
         Double sword      |       |       |       |       |       |       |       |       |   113 ||   113
   Fire: Shortbow          |       |       |       |       |       |       |       |    37 |     8 ||    45
         Longbow           |       |       |       |       |       |       |       |       |   152 ||   152
         Arbalest          |       |       |       |       |       |       |       |       |    56 ||    56
  Throw: Stone             |       |       |       |     4 |       |       |       |       |       ||     4
         Dart              |       |       |       |     3 |     2 |     1 |       |     1 |       ||     7
         Throwing net      |       |       |       |     1 |       |       |       |       |       ||     1
   Cast: Ensorcelled Hiber |    16 |    21 |    28 |   105 |    50 |    12 |       |     6 |       ||   238
         Confusing Touch   |       |     2 |    18 |    20 |    65 |    34 |       |     4 |     1 ||   144
         Tukima's Dance    |       |       |     9 |    10 |     2 |       |       |       |       ||    21
         Dazzling Flash    |       |       |       |    20 |    48 |    80 |       |       |       ||   148
         Blink             |       |       |       |     3 |     2 |     4 |       |     3 |    19 ||    31
         Metabolic Englaci |       |       |       |       |       |     6 |     4 |     6 |     4 ||    20
         Passage of Golubr |       |       |       |       |       |     1 |     2 |     1 |       ||     4
         Mephitic Cloud    |       |       |       |       |       |     3 |    45 |    99 |     4 ||   151
         Ozocubu's Armour  |       |       |       |       |       |       |     1 |    24 |    55 ||    80
         Simulacrum        |       |       |       |       |       |       |       |    33 |     3 ||    36
         Swiftness         |       |       |       |       |       |       |       |     4 |     2 ||     6
         Enfeeble          |       |       |       |       |       |       |       |     2 |   547 ||   549
         Discord           |       |       |       |       |       |       |       |       |    34 ||    34
         Infestation       |       |       |       |       |       |       |       |       |    78 ||    78
         Apportation       |       |       |       |       |       |       |       |       |     2 ||     2
 Invoke: Serpent's Lash    |       |       |       |     2 |     6 |     1 |       |       |     5 ||    14
         Heavenly Storm    |       |       |       |       |       |       |       |       |     1 ||     1
Ability: Exsanguinate      |     2 |       |       |       |       |       |       |       |       ||     2
         End Transformatio |       |     1 |       |     2 |       |       |       |     1 |     2 ||     6
         Bat Form          |       |     1 |       |     2 |       |       |       |     1 |     2 ||     6
         Lunge             |       |       |    18 |    77 |   127 |   129 |   112 |   185 |   503 ||  1151
         Whirlwind         |       |       |       |    75 |   222 |   307 |   252 |   278 |  1114 ||  2248
         Evoke Invisibilit |       |       |       |       |       |       |       |       |     3 ||     3
         Wall Jump         |       |       |       |       |       |       |       |       |     1 ||     1
  Evoke: Wand              |       |       |       |     4 |     3 |    10 |     2 |    13 |    26 ||    58
         Condenser vane    |       |       |       |       |       |       |       |     3 |     6 ||     9
         Phial of floods   |       |       |       |       |       |       |       |     1 |       ||     1
         Lightning rod     |       |       |       |       |       |       |       |     1 |     5 ||     6
         Tin of tremorston |       |       |       |       |       |       |       |     1 |     2 ||     3
    Use: Scroll            |       |       |       |    10 |     9 |    18 |       |    12 |    38 ||    87
         Potion            |       |       |       |       |     1 |     2 |     1 |     7 |    46 ||    57
   Stab: Sleeping          |    26 |    23 |    38 |    67 |   120 |    62 |    75 |    72 |   110 ||   593
         Confused          |       |     2 |    14 |    20 |    80 |    63 |   135 |   126 |     6 ||   446
         Distracted        |       |       |     2 |     3 |     3 |     6 |     2 |    11 |    90 ||   117
         Invisible         |       |       |       |    29 |   104 |   158 |     2 |     5 |   464 ||   762
         Held in net/web   |       |       |       |     3 |       |       |       |       |       ||     3
         Paralysed         |       |       |       |       |       |       |       |       |     5 ||     5
         Petrified         |       |       |       |       |       |       |       |       |     2 ||     2
 Armour: Robe              |    32 |    38 |    51 |    91 |   138 |   166 |   107 |    56 |       ||   679
         Acid dragon scale |       |       |       |       |       |       |       |   396 |  1800 ||  2196
  Dodge: Dodged            |    59 |    56 |   108 |   219 |   364 |   610 |   371 |   889 |  4749 ||  7425
         Repelled          |       |       |       |       |     8 |    23 |     4 |    19 |    89 ||   143

Table legend: (Time is in decaauts)
 A = Elapsed time spent in this place.
 B = Non-inter-level travel time spent in this place.
 C = Inter-level travel time spent in this place.
 D = Time resting spent in this place.
 E = Time spent auto-exploring this place.
 F = Levels seen in this place.
 G = Mean time per level.
                   A        B        C        D        E       F      G
               +--------+--------+--------+--------+--------+-----+--------+
         Total | 100440 |  91123 |   9317 |   8918 |  58336 |  94 | 1068.5 |
       Dungeon |  19755 |  16598 |   3157 |    594 |  12320 |  15 | 1317.0 |
        Temple |     52 |     44 |      8 |      0 |     31 |   1 |   52.0 |
          Lair |   5695 |   5003 |    692 |    219 |   3416 |   5 | 1139.0 |
         Swamp |   4398 |   4036 |    362 |    909 |   2131 |   4 | 1099.5 |
     Snake Pit |   4072 |   3767 |    305 |    170 |   2630 |   4 | 1018.0 |
    Slime Pits |   2272 |   2121 |    151 |    203 |   1227 |   5 |  454.4 |
  Orcish Mines |   2949 |   2614 |    335 |    367 |   1482 |   2 | 1474.5 |
   Elven Halls |   4181 |   3878 |    303 |    546 |   2353 |   3 | 1393.7 |
        Vaults |   8885 |   7124 |   1761 |    202 |   5290 |   5 | 1777.0 |
         Crypt |   5244 |   4973 |    271 |      0 |   3841 |   3 | 1748.0 |
          Tomb |   1656 |   1548 |    108 |      0 |    969 |   2 |  828.0 |
        Depths |  11207 |   9749 |   1458 |   1910 |   5892 |   4 | 2801.8 |
          Hell |   2097 |   2063 |     34 |    729 |    833 |   1 | 2097.0 |
       Cocytus |    548 |    515 |     33 |    180 |    160 |   3 |  182.7 |
           Zot |   7528 |   7195 |    333 |    757 |   4823 |   5 | 1505.6 |
         Abyss |   1831 |   1831 |      0 |      0 |    802 |   9 |  203.4 |
   Pandemonium |  18063 |  18063 |      0 |   2131 |  10133 |  23 |  785.3 |
               +--------+--------+--------+--------+--------+-----+--------+

Top non-repeatable levels by time:
Depths:3: 3381 daAuts
Depths:2: 3335 daAuts
    D:15: 2899 daAuts
Vaults:1: 2422 daAuts
Depths:4: 2371 daAuts
 Crypt:3: 2344 daAuts
   Zot:5: 2283 daAuts
Depths:1: 2118 daAuts
    Hell: 2097 daAuts
 Crypt:2: 2048 daAuts
     D:8: 2002 daAuts
   Orc:2: 1850 daAuts
   Zot:4: 1803 daAuts
Vaults:4: 1775 daAuts
   Elf:2: 1762 daAuts
